details: '7000 games, almost all of them as orc, and sucks ass at orc'

« prev index next »

General information

Mini Map

Players

team 1
OrcUrKnotWorthy (red | 36 APM | 475 actions | 13:07)
Hero icon 3 Far Seer
Ability icon 2 Feral Spirit
Ability icon 1 Chain Lighting
Hero icon 1 Shadow Hunter
Ability icon 1 Healing Wave

» actions
Assign group hotkey1
Basic commands22
Build / train32
Enter build submenu11
Enter hero's abilities submenu4
Right click233
Select / deselect135
Select group hotkey1
Use ability36
475 total
» units
Peon6
Grunt9
Troll Headhunter/Berserker2
Demolisher1
Wind Rider3
Goblin Shredder1
22 total
» upgrades
Armor1
Berserker Strength1
Ranged Weapons1
3 total
» buildings
Orc Burrow4
Altar of Storms1
Barracks1
War Mill1
Stronghold1
Watch Tower2
Beastiary1
11 total
» build order
00:08 Orc Burrow
00:17 Altar of Storms
00:35 Barracks
01:38 War Mill
01:54 Orc Burrow
02:52 Orc Burrow
04:38 Stronghold
05:29 Watch Tower
05:44 Orc Burrow
07:25 Beastiary
11:45 Watch Tower
team 2
Humanspooltiurf (teal | 73 APM | 964 actions | 13:08)
Hero icon 4 Mountain King
Ability icon 2 Storm Bolt
Ability icon 2 Bash
Hero icon 1 Blood Mage
Ability icon 1 Banish

» actions
Assign group hotkey36
Basic commands47
Build / train67
Enter build submenu31
Enter hero's abilities submenu5
Right click325
Select / deselect239
Select group hotkey132
Use ability82
964 total
» units
Peasant21
Footman11
Rifleman1
Sorceress2
Gryphon Rider1
36 total
» upgrades
Defend1
Masonry2
Swords1
Armor1
Lumber Harvesting1
Sorceress Training1
7 total
» buildings
Barracks1
Altar of Kings1
Farm6
Scout Tower11
Arcane Tower2
Arcane Vault1
Town Hall1
Lumber Mill1
Keep1
Guard Tower4
Blacksmith2
Castle1
Arcane Sanctum1
Gryphon Aviary4
37 total
» build order
00:12 Barracks
00:16 Altar of Kings
00:22 Farm
01:07 Farm
01:55 Farm
02:22 Scout Tower
02:50 Arcane Tower
03:28 Farm
04:01 Farm
04:15 Arcane Vault
04:28 Town Hall
04:31 Scout Tower
04:38 Lumber Mill
05:39 Arcane Tower
06:09 Scout Tower
06:09 Scout Tower
07:10 Keep
07:12 Scout Tower
07:13 Scout Tower
07:29 Guard Tower
07:31 Scout Tower
07:32 Scout Tower
07:32 Scout Tower
07:41 Scout Tower
07:42 Scout Tower
08:28 Guard Tower
08:30 Guard Tower
08:39 Farm
08:43 Guard Tower
08:48 Blacksmith
08:49 Blacksmith
10:02 Castle
10:38 Arcane Sanctum
10:45 Gryphon Aviary
10:45 Gryphon Aviary
10:47 Gryphon Aviary
10:49 Gryphon Aviary
» items
Scroll of Regeneration3
Lesser Clarity Potion3
Mechanical Critter3
9 total